 Dungeon Crawl Stone Soup version 0.30-a0-1-g69b7b797bf (webtiles) character file.

Game seed: 11693138517394173032

8 Nedwor the Cutter (level 2, 18/22 HPs)
             Began as a Demonspawn Gladiator on Aug 19, 2022.
             Quit the game on level 1 of the Dungeon.
             The game lasted 00:00:21 (432 turns).

Nedwor the Cutter (Demonspawn Gladiator)             Turns: 432, Time: 00:00:22

Health: 18/22      AC:  3    Str: 14    XL:     2   Next: 0%
Magic:  2/2        EV: 12    Int:  9    God:
Gold:   34         SH:  0    Dex: 14    Spells: 1/1 levels left

rFire   . . .      SeeInvis .    a - +0 rapier
rCold   . . .      Faith    .    (no shield)
rNeg    . . .      Spirit   .    b - +0 leather armour
rPois   .          Reflect  .    (helmet restricted)
rElec   .          Harm     .    (no cloak)
rCorr   .          Rampage  .    (no gloves)
Will    .....                    (no boots)
Stlth   +.........               (no amulet)
HPRegen 0.07/turn                (no ring)
MPRegen 0.08/turn                (no ring)

@: no status effects
A: horns 1
a: no special abilities


You were on level 1 of the Dungeon.
You visited 1 branch of the dungeon, and saw 1 of its levels.

You collected 34 gold pieces.

Inventory:

Hand Weapons
 a - a +0 rapier (weapon)
Missiles
 d - 3 throwing nets (quivered)
 e - a javelin
Armour
 b - a +0 leather armour (worn)
 c - a +0 helmet
Scrolls
 f - a scroll of teleportation {unknown}
 h - a scroll of identify {unknown}
Potions
 g - a potion of magic {unknown}


   Skills:
 + Level 2.1 Fighting
 * Level 2.9 Short Blades
 - Level 1.7 Throwing
 + Level 0.3 Armour
 + Level 2.8 Dodging


You had one spell level left.
You didn't know any spells.
Your spell library was empty.

Dungeon Overview and Level Annotations

Branches:
Dungeon (1/15)

Altars:


Innate Abilities, Weirdness & Mutations

You have a pair of small horns on your head.


Message History

You puncture the rat!
You kill the rat!
No target in view!
No target in view!
No target in view!
No target in view!
No target in view!
No target in view!
You see here a rat corpse.
You see here a rat corpse.
h - a scroll labelled HIUMEG KIMEO A jackal comes into view.
A jackal is nearby!
A jackal is nearby!
A jackal comes into view.
Found 5 gold pieces.
Found 18 gold pieces and an amethyst potion.
You hit the jackal.
The jackal is almost dead.
The jackal misses you. The jackal bites you.
You barely miss the jackal. Your punch misses the jackal.
The jackal is almost dead.
The jackal bites you but does no damage.
You barely miss the jackal.
The jackal is almost dead.
The jackal bites you but does no damage.
The jackal bites you.
You hit the jackal but do no damage.
The jackal is almost dead.
The jackal bites you but does no damage. x3
You hit the jackal.
You kill the jackal!
The jackal closely misses you.
You have reached level 2!
Your demonic ancestry asserts itself...
A pair of horns grows on your head!
Your +0 helmet falls away!
You closely miss the jackal. The jackal closely misses you.
The jackal bites you but does no damage.
Are you sure you want to abandon this character and quit the game? (Confirm with "yes".)

#....#.##.###..####[.....
##.#.#..#..........)......
#.......#........# #......
##.#.#..#.......# ##.....
.###.....#.......# #.....
..................# ##.....
########.##........###......
#.##.................
#.##@.###.........###
#.#h†## ##.......## # #....#
#...<...# #....# #.......# #
#...#.. #.........###
#.....................
.$...........###......
!##.#$.......# ##..... .....
#..[..


You could see a jackal.

Vanquished Creatures
  2 hobgoblins (D:1)
  A jackal (D:1)
  A ball python (D:1)
  2 kobolds (D:1)
  2 rats (D:1)
8 creatures vanquished.

Notes
Turn   | Place    | Note
-------+----------+-------------------------------------------
     0 | D:1      | Nedwor the Demonspawn Gladiator began the quest for the
                  | Orb.
     0 | D:1      | Reached XP level 1. HP: 16/16 MP: 1/1
   431 | D:1      | Gained mutation: You have a pair of small horns on your
                  | head. [demonic ancestry]
   431 | D:1      | Reached XP level 2. HP: 18/22 MP: 2/2
   432 | D:1      | Quit the game

Illustrated notes

Levels and vault maps discovered:
D:1:      minmay_arrival_four_circles, layout_loops_ring

Action                   || total
-------------------------++-------
Melee: Rapier            ||    24
Armor: Leather armour    ||    11
Dodge: Dodged            ||    11

Table legend: (Time is in decaauts)
 A = Elapsed time spent in this place.
 B = Non-inter-level travel time spent in this place.
 C = Inter-level travel time spent in this place.
 D = Time resting spent in this place.
 E = Time spent auto-exploring this place.
 F = Levels seen in this place.
 G = Mean time per level.
                   A        B        C        D        E       F      G
               +--------+--------+--------+--------+--------+-----+--------+
         Total |    433 |    433 |      0 |      0 |    378 |   1 |  433.0 |
       Dungeon |    433 |    433 |      0 |      0 |    378 |   1 |  433.0 |
               +--------+--------+--------+--------+--------+-----+--------+

Top non-repeatable levels by time:
     D:1: 433 daAuts
